 Dungeon Sprint DCSS version 0.30.1-11-g7821555f0a (webtiles) character file.

Game seed: 13541498115625953439

1021 Groucho the Thaumaturge (level 8, -5/37 HPs)
             Began as a Spriggan Earth Elementalist on Jan 4, 2024.
             Was a High Priest of Sif Muna.
             Slain by a demonic crawler (11 damage)
             ... in the Dungeon (Sprint VII: "The Pits").
             The game lasted 00:05:54 (2736 turns).

Groucho the Thaumaturge (SpEE)                      Turns: 2736, Time: 00:05:54

Health: -5/37      AC:  2    Str:  4    XL:     8   Next: 2%
Magic:  10/22      EV: 17    Int: 18    God:    Sif Muna [*****.]
Gold:   0          SH:  0    Dex: 16    Spells: 18/26 levels left

rFire   . . .        l - +1 dagger (elec)
rCold   . . .        (no shield)
rNeg    . . .        a - +0 robe
rPois   .            (helmet restricted)
rElec   .            (no cloak)
rCorr   .            (gloves unavailable)
SInv    +            (boots unavailable)
Will    +....        (no amulet)
Stlth   +++          (no ring)
HPRegen 0.26/turn    (no ring)
MPRegen 0.18/turn

%: no teleportation
@: very quick
A: very small, no large weapons, unfitting armour, see invisible, speed 3
a: Renounce Religion, Channel Magic, Forget Spell, Divine Exegesis


You were in the Dungeon.
You worshipped Sif Muna.
Sif Muna was extremely pleased with you.
You visited 1 branch

Inventory:

Hand Weapons
 h - a +2 dagger
 l - a +1 dagger of electrocution (weapon)
Armour
 a - a +0 robe (worn)
Scrolls
 g - a scroll of blinking
 j - 5 scrolls of amnesia
 k - a scroll of summoning
Potions
 b - 5 potions of magic
 c - 6 potions of curing
 d - 6 potions of heal wounds
 e - a potion of haste
 f - 3 potions of berserk rage
 i - 2 potions of invisibility


   Skills:
 + Level 1.4 Fighting
 + Level 1.9 Short Blades
 - Level 2.6 Dodging
 + Level 4.3 Stealth
 + Level 9.5 Spellcasting
 * Level 8.3 Conjurations
 + Level 2.9 Transmutations
 + Level 9.2 Earth Magic
 + Level 4.9 Invocations


You had 18 spell levels left.
You knew the following spells:

 Your Spells              Type           Power      Damage    Failure   Level
a - Sandblast             Erth           82%        2d17      1%          1
b - Stone Arrow           Conj/Erth      80%        3d12      1%          3
c - Petrify               Tmut/Erth      30%        N/A       7%          4

Your spell library contained the following spells:

 Spells                   Type           Power      Damage    Failure   Level
 Passwall                 Tmut/Erth      25%        N/A       1%          2
 Dazzling Flash           Conj/Hex       46%        N/A       4%          3
 Hailstorm                Conj/Ice       23%        3d7       4%          3
 Cause Fear               Hex            4%         N/A       63%         4
 Summon Ice Beast         Ice/Summ       8%         N/A       63%         4
 Metabolic Englaciation   Hex/Ice        4%         N/A       93%         5


Dungeon Overview and Level Annotations

Branches:
Dungeon (1/1)

Altars:
Ashenzari
Cheibriados
Dithmenos
Elyvilon
Fedhas
Gozag
Hepliaklqana
Kikubaaqudgha
Makhleb
Nemelex Xobeh
Okawaru
Qazlal
Ru
Sif Muna
Trog
Uskayaw
Vehumet
Wu Jian
Xom
Yredelemnul
Zin
The Shining One
Jiyva
Lugonu


Innate Abilities, Weirdness & Mutations

You are very small and have problems with some larger weapons.
You are too small for most types of armour.
You have supernaturally acute eyesight. (SInv)
You cover ground extremely quickly. (Speed+++)


Message History

Things that are here:
a +0 spear of venom; a +0 scale mail; a +0 kite shield
There is an open door, spattered with blood here.
You see here a +0 whip.
Okay, then.
A killer bee comes into view.
The demonic crawler gives a hideous shriek!
The killer bee buzzes angrily. x2
There is an open door, spattered with blood here.
Things that are here:
a +0 dagger; a +0 robe
Casting: Stone Arrow (safe; 1% risk of failure)
Confirm with . or Enter, or press ? or * to list all spells.
The spell is quite dangerous to miscast (7% risk of failure)!
Continue anyway?
Aiming: Petrify (quite dangerous; 7% risk of failure)
Press: ? - help, Shift-Dir - straight line, f - demonic crawler
Aim: a demonic crawler (chance to affect: 26%)
The demonic crawler easily resists.
Casting: Petrify (quite dangerous; 7% risk of failure)
Confirm with . or Enter, or press ? or * to list all spells.
The spell is quite dangerous to miscast (7% risk of failure)!
Continue anyway?
Aiming: Petrify (quite dangerous; 7% risk of failure)
Press: ? - help, Shift-Dir - straight line, f/p - demonic crawler
Aim: a demonic crawler (chance to affect: 26%)
The demonic crawler easily resists.
The demonic crawler hits you!
The demonic crawler completely misses you.
The demonic crawler closely misses you.
Unknown command.
Unknown command.
Casting: Petrify (quite dangerous; 7% risk of failure)
Confirm with . or Enter, or press ? or * to list all spells.
The spell is quite dangerous to miscast (7% risk of failure)!
Continue anyway?
Aiming: Petrify (quite dangerous; 7% risk of failure)
Press: ? - help, Shift-Dir - straight line, f/p - demonic crawler
Aim: a demonic crawler (chance to affect: 26%)
The demonic crawler easily resists.
The demonic crawler barely misses you. The demonic crawler closely misses you.
The demonic crawler hits you!
* * * LOW HITPOINT WARNING * * *
The demonic crawler hits you!
You die...

#)#.†#.)))[##.......#
#'###########.......#
#)......#..##########
#..###..#.# ####
#)......#)#....#
##.###.##)#....#
#.......#yy....+
#..###..#s#
#.......@.#
###########


You could see a demonic crawler and 2 killer bees.

Vanquished Creatures
  Grum (D)
  2 floating eyes (D)
  2 ice beasts (D)
  A centaur (D)
  A gnoll sergeant (D)
  A scorpion (D)
  3 killer bees (D)
  A crimson imp (D)
  A hound (D)
  An orc wizard (D)
  6 gnolls (D)
  A white imp (D)
  2 giant cockroaches (D)
  2 goblins (D)
  A ball python (D)
  A bat (D)
  2 frilled lizards (D)
29 creatures vanquished.

Notes
Turn   | Place    | Note
-------+----------+-------------------------------------------
     0 | D        | Groucho the Spriggan Earth Elementalist began the quest for
                  | the Orb.
     0 | D        | Reached XP level 1. HP: 9/9 MP: 5/5
    35 | D        | Found a glowing golden altar of the Shining One.
    35 | D        | Found a glowing silver altar of Zin.
    35 | D        | Found a basalt altar of Yredelemnul.
    35 | D        | Found a shimmering altar of Xom.
    35 | D        | Found an ornate altar of the Wu Jian Council.
    35 | D        | Found a bloodstained altar of Trog.
    35 | D        | Found a shimmering blue altar of Sif Muna.
    35 | D        | Found a sacrificial altar of Ru.
    35 | D        | Found a stormy altar of Qazlal.
    35 | D        | Found an iron altar of Okawaru.
    35 | D        | Found a sparkling altar of Nemelex Xobeh.
    35 | D        | Found a burning altar of Makhleb.
    35 | D        | Found a viscous altar of Jiyva.
    35 | D        | Found a hazy altar of Hepliaklqana.
    35 | D        | Found an opulent altar of Gozag.
    35 | D        | Found a blossoming altar of Fedhas.
    35 | D        | Found a white marble altar of Elyvilon.
    35 | D        | Found a shadowy altar of Dithmenos.
    35 | D        | Found a snail-covered altar of Cheibriados.
    36 | D        | Found a radiant altar of Vehumet.
    36 | D        | Found a corrupted altar of Lugonu.
    37 | D        | Found an ancient bone altar of Kikubaaqudgha.
    37 | D        | Found a hide-covered altar of Uskayaw.
    37 | D        | Found a broken altar of Ashenzari.
    38 | D        | Became a worshipper of Sif Muna the Loreminder
   213 | D        | Reached skill level 1 in Conjurations
   222 | D        | Reached * piety under Sif Muna
   223 | D        | Noticed a floating eye
   226 | D        | Killed a floating eye
   227 | D        | Reached skill level 5 in Spellcasting
   227 | D        | Reached skill level 5 in Earth Magic
   227 | D        | Reached XP level 2. HP: 13/13 MP: 1/9
   227 | D        | Reached XP level 3. HP: 16/16 MP: 1/10
   227 | D        | Reached XP level 4. HP: 21/21 MP: 1/12
   614 | D        | Noticed a scorpion
   620 | D        | Learned a level 3 spell: Stone Arrow
   634 | D        | Killed a scorpion
   635 | D        | Reached XP level 5. HP: 24/24 MP: 1/14
   781 | D        | Reached ** piety under Sif Muna
   782 | D        | Reached skill level 5 in Conjurations
   799 | D        | Noticed a floating eye
   803 | D        | Killed a floating eye
   858 | D        | Noticed an ice beast
   859 | D        | Reached XP level 6. HP: 28/28 MP: 17/17
   865 | D        | Reached *** piety under Sif Muna
   866 | D        | Reached skill level 1 in Invocations
   954 | D        | Reached **** piety under Sif Muna
  1106 | D        | Killed an ice beast
  1366 | D        | Reached XP level 7. HP: 32/32 MP: 13/20
  1379 | D        | Reached ***** piety under Sif Muna
  1798 | D        | Noticed Grum
  1804 | D        | Killed Grum
  1804 | D        | Received a gift from Sif Muna
  1805 | D        | Got Sif Muna's Book of Azure Ensorcelling {god gift}
  1811 | D        | Learned a level 4 spell: Petrify
  2162 | D        | Reached skill level 1 in Short Blades
  2163 | D        | Reached skill level 1 in Fighting
  2442 | D        | Noticed a demonic crawler
  2461 | D        | Reached XP level 8. HP: 26/37 MP: 8/22
  2736 | D        | Slain by a demonic crawler

Illustrated notes

Levels and vault maps discovered:
D:        pitsprint [storerooms_1, entrance_room_1, metal_vault_6, armoury_1,
          mini_pit_1, grid_room_1, main_hall_1, silver_pit, the_coven_1,
          the_vestibule_1, steel_vault_5, golden_pit, hallway_of_sentries,
          crystal_vault_1, iron_vault_1, final_vault]

Skill      XL: |  1  2  3  4  5  6  7 |
---------------+----------------------+-----
Spellcasting   | 5 6 7 8 9 |  9.5
Earth Magic    | 5 6 7 8 9 |  9.2
Conjurations   | 4 5 7 8 |  8.3
Invocations    | 3 4 |  4.9
Short Blades   | 1 |  1.9
Transmutations | 2 |  2.9
Fighting       | 1 |  1.4
Stealth        | 4 |  4.3
Dodging        | |  2.6

Action                     |  1- 3 |  4- 6 |  7- 9 || total
---------------------------+-------+-------+-------++-------
  Melee: Dagger            |       |     2 |     3 ||     5
   Cast: Sandblast         |     8 |     1 |       ||     9
         Stone Arrow       |       |    20 |    16 ||    36
         Petrify           |       |       |     3 ||     3
   Stab: Sleeping          |       |     2 |       ||     2
 Armour: Robe              |       |       |     1 ||     1
  Dodge: Dodged            |     5 |     2 |    21 ||    28
